 Dungeon Crawl Stone Soup version 0.23-a0-26-g9187234747 (webtiles) character file.

7588 Htamos the Grappler (level 10, -13/102 HPs)
             Began as a Troll Gladiator on Aug 3, 2018.
             Mangled by a freezing wraith (23 damage)
             ... on level 9 of the Dungeon.
             The game lasted 00:19:36 (7422 turns).

Htamos the Grappler (Troll Gladiator)               Turns: 7422, Time: 00:19:38

Health: -13/102    AC:  6    Str: 30    XL:     10   Next: 97%
Magic:  12/12      EV: 13    Int: 11    God:    Xom [......]
Gold:   520        SH:  2    Dex: 12    Spells: 9/9 levels left

rFire    + . .     SeeInvis .     - Unarmed
rCold    . . .     Gourm    +   (no shield)
rNeg     . . .     Faith    .   o - +0 robe
rPois    .         Spirit   .   b - +0 hat
rElec    +         Reflect  +   F - +0 cloak
rCorr    .         Harm     .   (gloves unavailable)
MR       .....                  (boots unavailable)
Stlth    +.........             E - +2 amulet of reflection
HPRegen  0.67/turn              q - +3 ring of intelligence
MPRegen  0.13/turn              s - ring of wizardry

@: no status effects
A: large, unfitting armour, beak, claws 3, clever 2, fire resistance 1, fast
metabolism 3, gourmand, high mp 1, mutation resistance 2, regeneration 1, shaggy
fur 1, electricity resistance, strong 2, tough skin 2, wild magic 1
a: Renounce Religion


You were on level 9 of the Dungeon.
You worshipped Xom.
You were a very special plaything of Xom.
You were very full.

You visited 1 branch of the dungeon, and saw 9 of its levels.

You collected 520 gold pieces.

Inventory:

Hand Weapons
 w - a +3 blowgun
 A - a +4 quarterstaff of chaos
Missiles
 c - 5 throwing nets
 h - 250 stones (quivered)
 y - 34 poisoned needles
Armour
 b - a +0 hat (worn)
 o - a +0 robe (worn)
 F - a +0 cloak (worn)
Magical Staves
 x - an uncursed staff of energy
Jewellery
 q - a +3 ring of intelligence (left claw)
 s - a ring of wizardry (right claw)
 E - a +2 amulet of reflection (around neck)
 H - a -3 ring of strength
 K - an uncursed ring of see invisible {unknown}
Wands
 a - a wand of flame (36)
 p - a wand of paralysis (3)
 D - a wand of polymorph (34)
Scrolls
 f - 3 scrolls of magic mapping
 m - a scroll of amnesia
 t - 2 scrolls of identify
 v - 5 scrolls of remove curse
 z - 3 scrolls of teleportation {unknown}
 C - 2 scrolls of fog
 J - a scroll of noise {unknown}
Potions
 e - a potion of haste
 g - a potion of ambrosia {unknown}
 i - 2 potions of degeneration {unknown}
 j - 5 potions of flight {unknown}
 k - 2 potions of curing {unknown}
 l - a potion of mutation {unknown}
 n - a potion of magic {unknown}
 r - a potion of agility
 u - a potion of lignification {unknown}
 B - a potion of heal wounds {unknown}
 I - a potion of brilliance {unknown}
Comestibles
 d - 18 rations
 G - 2 chunks of flesh


   Skills:
 + Level 7.0 Fighting
 - Level 1.7 Throwing
 + Level 7.3 Dodging
 * Level 11.8 Unarmed Combat
 - Level 3.0 Evocations


You had 9 spell levels left.
You didn't know any spells.
Your spell library was empty.

Dungeon Overview and Level Annotations

Branches:
Dungeon (9/15)             Temple (0/1) D:7            Lair (0/6) D:8
    Orc: D:9-12

Altars:
Ashenzari
Cheibriados
Fedhas
Qazlal
Xom

Annotations:
D:9 1 runed door, Bikaver's ghost, novice DECj


Innate Abilities, Weirdness & Mutations

You are too large for most types of armour.
You have claws for hands.
Your metabolism is lightning-fast.
You like to eat raw meat.
Your natural rate of healing is unusually fast.
You are covered in fur. (AC +1)
You have very tough skin. (AC +2)
You have a beak for a mouth.
Your mind is very acute. (Int +4)
Your flesh is heat resistant. (rF+)
You have an increased reservoir of magic. (+10% MP)
You are somewhat resistant to both further mutation and mutation removal.
You are resistant to electric shocks. (rElec)
Your muscles are very strong. (Str +4)
Your spells are a little harder to cast, but a little more powerful.


Message History

The manticore closely misses you.
You mangle the manticore!!
You kill the manticore!
Unknown command.
Evoke which item? (* to show all) (? for menu, Esc to quit)
Aiming: Paralyse
Press: ? - help, Shift-Dir - straight line, f - freezing wraith
Aim: a freezing wraith (chance to defeat MR: 37%)
The freezing wraith easily resists.
Evoke which item? (* to show all) (? for menu, Esc to quit)
Aiming: Paralyse
Press: ? - help, Shift-Dir - straight line, f/p - freezing wraith
Aim: a freezing wraith (chance to defeat MR: 37%)
The freezing wraith easily resists.
A two-headed ogre comes into view.
It is wielding a giant club and a giant spiked club.
The freezing wraith hits you!
* * * LOW HITPOINT WARNING * * *
The freezing wraith freezes you!!
You die...
Xom snickers!

###### #...# #.
######...# O.
######...# #.
{#######..##### ##.
########.....# ..
#...####...... #.
####.##.##.....#
#.##W##[##)##(##.#####
#....@(....†(.##.#
#.##.##.##)##.##.# #.
####.#####.# $.
#...#####
###########.####.#
.##########'####.######
#.##................
#.#.#...#####.#...#.
#..###............#.


You could see a two-headed ogre (wandering), a freezing wraith and a friendly
mace.

Vanquished Creatures
  A centaur warrior (D:9)
  A two-headed ogre (D:9)
  Pikel (D:5)
  A lindwurm (D:9)
  A cyclops (D:9)
  A manticore (D:9)
  A hippogriff (D:9)
  A spriggan (D:8)
  A yak (D:8)
  A wyvern (D:8)
  4 ice beasts
  6 orc warriors
  3 black bears
  A phantom (D:8)
  2 slaves (D:5)
  7 ogres
  2 bullfrogs (D:8)
  3 scorpions
  11 killer bees
  5 crimson imps
  3 orc priests
  4 hounds
  3 jellies (D:8)
  Crazy Yiuf (D:5)
  8 orc wizards
  2 bullfrog skeletons
  A centaur skeleton (D:7)
  2 iguanas
  Ijyb (D:5)
  8 worker ants
  A killer bee zombie (D:8)
  7 gnolls
  7 adders
  4 shadow imps
  2 oozes (D:2)
  3 adder zombies
  4 worms
  2 dart slugs
  7 leopard geckos
  25 orcs
  7 bats
  4 giant cockroaches
  3 goblins
  3 hobgoblins
  9 jackals
  24 kobolds
  4 quokkas
  3 ball pythons
  4 frilled lizards
  A jackal zombie (D:6)
  A leopard gecko skeleton (D:7)
  2 quokka zombies
  6 rats
220 creatures vanquished.

Vanquished Creatures (collateral kills)
  An orc warrior (D:9)
  A big kobold (D:4)
  An orc priest (D:6)
  Terence (D:2)
  A worker ant (D:9)
  An orc (D:6)
  5 kobolds (D:4)
11 creatures vanquished.

Grand Total: 231 creatures vanquished

Notes
Turn   | Place    | Note
-------+----------+-------------------------------------------
     0 | D:1      | Htamos the Troll Gladiator began the quest for the Orb.
     0 | D:1      | Reached XP level 1. HP: 19/19 MP: 0/0
   284 | D:1      | Found an ornate altar of the Wu Jian Council.
   286 | D:1      | Found an ancient bone altar of Kikubaaqudgha.
   286 | D:1      | Found an ornate altar of the Wu Jian Council.
   288 | D:1      | Found an ancient bone altar of Kikubaaqudgha.
   288 | D:1      | Found a shimmering altar of Xom.
   288 | D:1      | Found an iron altar of Okawaru.
   312 | D:1      | Became a worshipper of Xom of Chaos
   373 | D:1      | XOM: divination: magic mapping
   394 | D:1      | Reached XP level 2. HP: 27/28 MP: 1/1
   722 | D:1      | XOM: divination: magic mapping
  1030 | D:1      | XOM: harmless Hex miscast
  1210 | D:2      | Reached XP level 3. HP: 34/35 MP: 2/2
  1213 | D:2      | Found a stormy altar of Qazlal.
  1219 | D:2      | Found a blossoming altar of Fedhas.
  1330 | D:2      | XOM: give mutations
  1330 | D:2      | Gained mutation: Your muscles are strong. (Str +2) [Xom's grace]
  1330 | D:2      | Gained mutation: You have a beak for a mouth. [Xom's grace]
  1330 | D:2      | Gained mutation: Your muscles are very strong. (Str +4) [Xom's grace]
  1381 | D:2      | Reached skill level 4 in Unarmed Combat
  1402 | D:2      | You fall through a shaft for 2 floors!
  1538 | D:3      | Reached XP level 4. HP: 41/42 MP: 3/3
  1823 | D:2      | Noticed Terence
  1824 | D:2      | XOM: divination: magic mapping
  1828 | D:2      | Killed Terence
  2152 | D:3      | XOM: cloud trail
  2212 | D:3      | XOM: scenery: create altars
  2277 | D:4      | Noticed an ogre
  2288 | D:4      | Killed an ogre
  2288 | D:4      | Reached XP level 5. HP: 50/50 MP: 4/4
  2299 | D:4      | Noticed an orc warrior
  2324 | D:4      | Killed an orc warrior
  2324 | D:4      | Reached skill level 5 in Unarmed Combat
  2324 | D:4      | Reached XP level 6. HP: 59/59 MP: 5/5
  2414 | D:4      | XOM: fog
  2462 | D:4      | XOM: god gift: runed blowgun {god gift}
  2505 | D:4      | Reached skill level 6 in Unarmed Combat
  2555 | D:4      | XOM is BORED!
  2592 | D:4      | XOM: scenery: create altars
  2682 | D:4      | XOM: enchant monster (good)
  2690 | D:4      | Reached XP level 7. HP: 64/67 MP: 6/6
  2805 | D:4      | XOM: give mutations
  2805 | D:4      | Gained mutation: You evolve. [Xom's grace]
  2805 | D:4      | Gained mutation: Your mind is acute. (Int +2) [Xom's grace]
  2805 | D:4      | Gained mutation: You have a pair of small antennae on your head. [Xom's grace]
  2805 | D:4      | Lost mutation: You evolve. [Xom's grace]
  2805 | D:4      | Gained mutation: You are somewhat resistant to further mutation. [Xom's grace]
  3239 | D:5      | Entered Level 5 of the Dungeon
  3432 | D:5      | Noticed Ijyb
  3447 | D:5      | Killed Ijyb
  3496 | D:5      | XOM: 1-stop teleportation journey
  3572 | D:5      | XOM: fog
  3840 | D:5      | Found a shattered altar of Ashenzari.
  3849 | D:5      | XOM: give mutations
  3849 | D:5      | Gained mutation: Your mind is very acute. (Int +4) [Xom's grace]
  3849 | D:5      | Gained mutation: You are resistant to electric shocks. (rElec) [Xom's grace]
  3849 | D:5      | Gained mutation: You expend magic power (3 MP) to strengthen your wands. [Xom's grace]
  3849 | D:5      | Gained mutation: Your spells are a little harder to cast, but a little more powerful. [Xom's grace]
  3882 | D:5      | Noticed Pikel
  3899 | D:5      | Killed Pikel
  3899 | D:5      | Reached skill level 7 in Unarmed Combat
  3899 | D:5      | Reached skill level 1 in Evocations
  3899 | D:5      | Reached XP level 8. HP: 76/78 MP: 0/8
  3977 | D:5      | Found a runed door.
  4123 | D:5      | XOM: scenery: create altars
  4388 | D:5      | Noticed Crazy Yiuf
  4394 | D:5      | Killed Crazy Yiuf
  4445 | D:6      | Found a snail-covered altar of Cheibriados.
  4455 | D:6      | XOM: confuse monster(s)
  4479 | D:6      | Reached skill level 8 in Unarmed Combat
  4506 | D:6      | Reached skill level 5 in Dodging
  4650 | D:6      | XOM: give mutation
  4650 | D:6      | Gained mutation: You have an increased reservoir of magic. (+10% MP) [Xom's grace]
  4679 | D:6      | XOM: summons 8 friendly demons
  4761 | D:6      | Reached XP level 9. HP: 31/87 MP: 11/11
  4807 | D:6      | XOM: 1-stop teleportation journey
  5080 | D:6      | XOM: confuse monster(s)
  5300 | D:7      | Found a staircase to the Ecumenical Temple.
  5352 | D:7      | Reached skill level 5 in Fighting
  5462 | D:7      | XOM: cleaving
  5463 | D:7      | Reached skill level 9 in Unarmed Combat
  6016 | D:8      | XOM: noise
  6168 | D:8      | Reached skill level 10 in Unarmed Combat
  6204 | D:8      | XOM: noise
  6239 | D:8      | XOM: blink monster(s)
  6245 | D:8      | XOM: confuse monster(s)
  6245 | D:8      | XOM: butterfly on damage
  6248 | D:8      | Reached XP level 10. HP: 46/98 MP: 12/12
  6563 | D:8      | Found a staircase to the Lair.
  6585 | D:8      | XOM: smoke on damage
  7114 | D:9      | Found a runed door.
  7115 | D:9      | Noticed Bikaver's ghost (novice DECj)
  7149 | D:9      | XOM: cleaving
  7201 | D:9      | XOM: 1-stop teleportation journey
  7229 | D:9      | XOM: give mutation
  7229 | D:9      | Gained mutation: Your flesh is heat resistant. (rF+) [Xom's grace]
  7255 | D:9      | XOM: polymorph yak -> komodo dragon
  7257 | D:9      | Noticed a two-headed ogre
  7258 | D:9      | Noticed a lindwurm
  7258 | D:9      | a komodo dragon changed into a lindwurm
  7258 | D:9      | XOM: polymorph komodo dragon -> lindwurm
  7263 | D:9      | Killed a lindwurm
  7263 | D:9      | Reached skill level 11 in Unarmed Combat
  7268 | D:9      | Killed a two-headed ogre
  7277 | D:9      | XOM: mild Chrm miscast
  7277 | D:9      | Noticed a cyclops
  7282 | D:9      | XOM: butterfly on damage
  7294 | D:9      | Killed a cyclops
  7296 | D:9      | Noticed a centaur warrior
  7305 | D:9      | Killed a centaur warrior
  7326 | D:9      | XOM: give mutations
  7326 | D:9      | Lost mutation: You expend magic power (3 MP) to strengthen your wands. [Xom's mischief]
  7326 | D:9      | Gained mutation: You are somewhat resistant to both further mutation and mutation removal. [Xom's mischief]
  7326 | D:9      | Lost mutation: You have a pair of small antennae on your head. [Xom's mischief]
  7377 | D:9      | XOM: summons 2 hostile demons
  7414 | D:9      | Noticed a manticore
  7420 | D:9      | Killed a manticore
  7422 | D:9      | Noticed a two-headed ogre
  7422 | D:9      | Mangled by a freezing wraith

Vault maps used:
D:1:      nicolae_arrival_somewhat_less_tricky_arrival, doesnt_xom_only_xom
D:2:      grunt_temple_overflow_forces_of_nature, uniq_terence
D:3:      kennysheep_generic_room_12
D:4:      kennysheep_kobold_camp, first_ration, guppyfry_early_orc_mine
D:5:      basic_altar, grunt_decor_one_mirror,
          hangedman_abyss_or_decor_jellyfish_corner, uniq_crazy_yiuf_cottage,
          uniq_ijyb, uniq_pikel
D:6:      kennysheep_slug_shrine
D:7:      minmay_temple_entry_large_hall
D:8:      cheibrodos_ideogram_h, lair_entry_dummy, grunt_pizzeria
D:9:      hangedman_cross_veins, grunt_temple_overflow_cloverleaf,
          hiddenorc2_lemuel, gammafunk_ghost_grave, serial_shops, shop,
          bh_walls_and_bars

Skill      XL: |  1  2  3  4  5  6  7  8  9 10 |
---------------+-------------------------------+-----
Fighting       | 2 3 4 5 7 |  7.0
Unarmed Combat | 4 5 6 7 8 10 11 | 11.8
Dodging        | 3 4 5 6 7 |  7.3
Evocations     | 1 2 3 |  3.0
Throwing       | |  1.7

Action                   |  1- 3 |  4- 6 |  7- 9 | 10-12 || total
-------------------------+-------+-------+-------+-------++-------
Melee: Unarmed           |   103 |    88 |   305 |    98 ||   594
       Punch             |     2 |     1 |    11 |     1 ||    15
       Peck              |     2 |    11 |    56 |    21 ||    90
 Fire: Blowgun           |       |       |     3 |       ||     3
Evoke: Wand              |       |     4 |     2 |     9 ||    15
  Use: Scroll            |       |     4 |     3 |       ||     7
       Potion            |       |       |     1 |       ||     1
 Stab: Sleeping          |     4 |     1 |     1 |     2 ||     8
       Paralysed         |       |    10 |     7 |    12 ||    29
       Confused          |       |       |     2 |       ||     2
  Eat: Chunk             |    18 |    12 |    32 |    10 ||    72
Armor: Robe              |    32 |    19 |    74 |    23 ||   148
Dodge: Dodged            |    57 |    32 |   153 |    64 ||   306
Block: Other             |       |       |     8 |     8 ||    16

Table legend:
 A = Spawn XP
 B = Non-spawn XP
 C = Spawn XP percentage of total XP
 D = Spawn monster count
 E = Non-spawn monster count
 F = Spawn count percentage of total count
 G = Total turns spent on level
                    A         B        C        D         E        F      G
               +---------+---------+-------+---------+---------+-------+---------
         Total |       0 |   10841 |   0.0 |       0 |     229 |   0.0 |  7422
               +---------+---------+-------+---------+---------+-------+---------
           D:1 |       0 |      21 |   0.0 |       0 |      17 |   0.0 |  1040
           D:2 |       0 |      90 |   0.0 |       0 |      20 |   0.0 |   604
           D:3 |       0 |      21 |   0.0 |       0 |      10 |   0.0 |   496
           D:4 |       0 |     656 |   0.0 |       0 |      40 |   0.0 |  1119
           D:5 |       0 |    1132 |   0.0 |       0 |      23 |   0.0 |  1169
           D:6 |       0 |    1112 |   0.0 |       0 |      37 |   0.0 |   809
           D:7 |       0 |     836 |   0.0 |       0 |      20 |   0.0 |   568
           D:8 |       0 |    3019 |   0.0 |       0 |      42 |   0.0 |  1275
           D:9 |       0 |    3954 |   0.0 |       0 |      20 |   0.0 |   342
               +---------+---------+-------+---------+---------+-------+---------
